 Dungeon Crawl Stone Soup version 0.28.0-45-g0d030f2227 (webtiles) character file.

Game seed: 17307428922903910991

37 pkoi the Covered (level 3, 0/27 HPs)
             Began as a Demigod Fighter on Apr 7, 2022.
             Slain by Natasha (6 damage)
             ... on level 4 of the Dungeon.
             The game lasted 00:01:49 (2142 turns).

pkoi the Covered (Demigod Fighter)                  Turns: 2142, Time: 00:01:50

Health: 0/27       AC:  7    Str: 17    XL:     3   Next: 8%
Magic:  5/5        EV:  9    Int: 10    God:
Gold:   81         SH:  5    Dex: 17    Spells: 2/2 levels left

rFire   . . .      SeeInvis .     - Unarmed
rCold   + . .      Faith    .   b - +0 buckler
rNeg    . . .      Spirit   .   a - +0 scale mail
rPois   .          Reflect  .   (no helmet)
rElec   .          Harm     .   e - +0 cloak
rCorr   +          Rampage  .   (no gloves)
Will    .....                   (no boots)
Stlth   ..........              d - amulet of regeneration
HPRegen 0.89/turn               g - ring of resist corrosion
MPRegen 0.09/turn               (no ring)

@: no status effects
A: high MP 1, forlorn, divine attributes, cold resistance 1, frail 1
a: no special abilities


You were on level 4 of the Dungeon.
You visited 1 branch of the dungeon, and saw 3 of its levels.

You collected 81 gold pieces.

Inventory:

Hand Weapons
 i - a +0 whip
Missiles
 f - 3 poisoned darts (quivered)
Armour
 a - a +0 scale mail (worn)
 b - a +0 buckler (worn)
 e - a +0 cloak (worn)
Jewellery
 d - an amulet of regeneration (around neck)
 g - a ring of resist corrosion (left hand)
Scrolls
 j - a scroll of teleportation {unknown}
Potions
 c - a potion of might
 h - a potion of lignification


   Skills:
 + Level 2.9 Fighting
 + Level 3.0 Armour
 + Level 0.7 Dodging
 + Level 2.9 Shields
 * Level 2.3 Unarmed Combat


You had 2 spell levels left.
You didn't know any spells.
Your spell library was empty.

Dungeon Overview and Level Annotations

Branches:
Dungeon (2/15)

Annotations:
D:4 Natasha


Innate Abilities, Weirdness & Mutations

You have an increased reservoir of magic. (+10% MP)
You shall have no god before yourself.
Your divine heritage dramatically boosts your attributes as you level up.
Your flesh is cold resistant. (rC+)
You are frail. (-10% HP)


Message History

Natasha claws you but does no damage.
You closely miss Natasha.
Natasha is moderately wounded.
Natasha casts a spell.
You closely miss Natasha.
Natasha is moderately wounded.
You block Natasha's attack.
You hit Natasha.
Natasha is severely wounded.
The shadow imp hits you but does no damage.
Natasha casts a spell at you. The magic dart hits you!
* * * LOW HITPOINT WARNING * * *
You hit Natasha.
Natasha is almost dead.
The shadow imp barely misses you.
Natasha growls.
Natasha stares at you and mumbles some strange words.
The magic dart hits you but does no damage.
You barely miss Natasha.
Natasha is almost dead.
You block the shadow imp's attack. Natasha claws you but does no damage.
You hit Natasha but do no damage.
Natasha is almost dead.
The shadow imp hits you but does no damage.
Natasha claws you.
* * * LOW HITPOINT WARNING * * *
You barely miss Natasha.
Natasha is almost dead.
The shadow imp hits you but does no damage.
Natasha claws you.
* * * LOW HITPOINT WARNING * * *
You barely miss Natasha.
Natasha is almost dead.
The shadow imp hits you.
* * * LOW HITPOINT WARNING * * *
Natasha mumbles some strange words.
Natasha's front paws start to glow.
Natasha claws you.
You die...

##..# #(# ##.#
#.########## #.#
#.#.....>...
#.#########.#.########
#...........#.######
#.#########........#
#....# #.#.####.##
#.##.# #.#5###...##
#.##.# #.#.@h......
#.##.# #.#####...##
#.##.# #.# ## #.##.#
#.# #.##.# #.#
###.##.# #.# .......#
##.## .......###
#...##
###.#.##.###....#


You could see Natasha and a shadow imp (summoned).

Vanquished Creatures
  2 worms (D:2)
  2 dart slugs
  4 endoplasms
  A giant cockroach (D:2)
  2 goblins (D:1)
  2 hobgoblins (D:2)
  4 jackals
  2 kobolds
  2 ball pythons
  2 frilled lizards
  2 rats
25 creatures vanquished.

Notes
Turn   | Place    | Note
-------+----------+-------------------------------------------
     0 | D:1      | pkoi the Demigod Fighter began the quest for the Orb.
     0 | D:1      | Reached XP level 1. HP: 18/18 MP: 3/3
   749 | D:1      | Reached XP level 2. HP: 23/25 MP: 4/4
   750 | D:1      | Gained mutation: Your flesh is cold resistant. (rC+)
                  | [potion of mutation]
   750 | D:1      | Gained mutation: You are frail. (-10% HP) [potion of
                  | mutation]
  1847 | D:2      | Identified the +2 leather armour of Ibac {Rampage Str-5
                  | Int+7}
  1860 | D:2      | Reached skill level 3 in Armour
  1982 | D:2      | You fall into a shaft and drop 2 floors!
  2052 | D:4      | Reached XP level 3. HP: 27/27 MP: 5/5
  2124 | D:4      | Noticed Natasha
  2142 | D:4      | Slain by Natasha

Illustrated notes

Levels and vault maps discovered:
D:1:      minmay_arrival_semitransparent, layout_basic, minmay_tetromino_s2
D:2:      layout_rooms, basic_altar, ebering_ecumenical_altar_petrified
D:4:      kennysheep_big_flooded_room, layout_loops_ring,
          mainiacjoe_overflow_alcove_2, uniq_edmund, uniq_natasha

Skill      XL: |  1  2 |
---------------+-------+-----
Unarmed Combat | 2 |  2.3
Armour         | 3 |  3.0
Fighting       | |  2.9
Dodging        | |  0.7
Shields        | |  2.9

Action                   || total
-------------------------++-------
Melee: Unarmed           ||   169
Throw: Dart              ||     3
  Use: Scroll            ||     1
       Potion            ||     1
Armor: Scale mail        ||    72
Dodge: Dodged            ||    62
Block: Buckler           ||    19
